 Dungeon Crawl Stone Soup version 0.18.1-8-gdd0e5ea (webtiles) character file.

949 KrisztiCat the Destroyer (level 7, -1/37 HPs)
             Began as a Deep Elf Conjurer on June 5, 2016.
             Was a Follower of Vehumet.
             Shot with an arrow by a centaur (8 damage)
             ... on level 5 of the Dungeon.
             The game lasted 00:50:34 (6144 turns).

KrisztiCat the Destroyer (Deep Elf Conjurer)        Turns: 6144, Time: 00:50:35

Health: -1/37      AC:  2    Str:  7    XL:     7   Next: 90%
Magic:  11/14      EV: 13    Int: 20    God:    Vehumet [*.....]
Gold:   110        SH:  0    Dex: 15    Spells: 5 memorised, 0 levels left

rFire  . . .     SeeInvis .     q - +1 whip (flame)
rCold  . . .     Gourm    .     a - +0 robe
rNeg   . . .     Faith    .     (no shield)
rPois  +         Spirit   .     (no helmet)
rElec  .         Dismiss  .     (no cloak)
rCorr  .         Reflect  .     (no gloves)
SustAt +         Harm     .     (no boots)
MR     .....                    (no amulet)
Stlth  ++........               k - ring of poison resistance
                                s - ring of sustain attributes

@: not resistant to hostile enchantments, unstealthy
A: no striking features
a: Renounce Religion


You were on level 5 of the Dungeon.
You worshipped Vehumet.
Vehumet was aware of your devotion.
You were not hungry.

You visited 2 branches of the dungeon, and saw 7 of its levels.

You collected 110 gold pieces.

Inventory:

Hand Weapons
 q - a +1 whip of flaming (weapon)
Armour
 a - a +0 robe (worn)
Jewellery
 g - an uncursed ring of ice
 i - an uncursed ring of flight
 k - a ring of poison resistance (right hand)
 s - a ring of sustain attributes (left hand)
 y - an uncursed ring of fire
Scrolls
 h - 2 scrolls of enchant armour
 o - a scroll of fog {unknown}
 r - a scroll of recharging {unknown}
 v - a scroll of random uselessness {unknown}
 w - a scroll of teleportation {unknown}
 x - a scroll of immolation {unknown}
Potions
 j - a potion of cure mutation {unknown}
 l - 2 potions of lignification {unknown}
 m - a potion of might {unknown}
 p - a potion of magic {unknown}
 t - 3 potions of curing
 u - 2 potions of flight
 A - a potion of haste {unknown}
 B - a potion of agility {unknown}
Books
 b - a book of Conjurations

   Spells                             Type                      Level
   a - Magic Dart                     Conjuration                  1
   b - Searing Ray                    Conjuration                  2
   c - Dazzling Spray                 Conjuration/Hexes            3
   d - Fulminant Prism                Conjuration/Hexes            4
   e - Iskenderun's Mystic Blast      Conjuration                  4
   f - Iskenderun's Battlesphere      Conjuration/Charms           5
 d - a book of the Dragon

   Spells                             Type                      Level
   a - Flame Tongue                   Conjuration/Fire             1
   b - Cause Fear                     Hexes                        4
   c - Bolt of Fire                   Conjuration/Fire             6
   d - Dragon Form                    Transmutation                7
   e - Dragon's Call                  Summoning                    9
Comestibles
 c - 3 bread rations
 z - a royal jelly


   Skills:
 - Level 0.4 Fighting
 - Level 2.8 Dodging
 - Level 2.6 Stealth
 - Level 3.5 Spellcasting
 + Level 10.5 Conjurations


You couldn't memorise any spells.
You knew the following spells:

 Your Spells              Type           Power        Failure   Level  Hunger
a - Magic Dart            Conj           ####         1%          1    None
b - Searing Ray           Conj           #####.       1%          2    ##.....
c - Iskenderun's Battles  Conj/Chrm      ###.....     45%         5    ######.
d - Iskenderun's Mystic   Conj           #####...     1%          4    ####...
e - Flame Tongue          Conj/Fire      ###..        1%          1    None


Dungeon Overview and Level Annotations

Branches:
Dungeon (6/15)             Temple (1/1) D:4

Altars:
Dithmenos
Elyvilon
Fedhas
Gozag
Kikubaaqudgha
Makhleb
Nemelex Xobeh
Ru
Sif Muna
Vehumet
Xom
Yredelemnul
Zin
The Shining One


Message History

The centaur shoots an arrow.
The arrow hits you!
You see here 3 arrows.
The centaur shoots an arrow.
The arrow hits you!
You see here an arrow.
You start resting.
Magic restored.
You start resting.
Casting: Magic Dart
Confirm with . or Enter, or press ? or * to list all spells.
Aiming: Searing Ray
Press: ? - help, Shift-Dir - straight line, f/p - centaur
Aim: a centaur, wielding a shortbow (lightly wounded)
The searing ray hits the centaur.
The centaur is heavily wounded.
The centaur shoots an arrow.
The arrow hits you!
* * * LOW HITPOINT WARNING * * *
The centaur shoots an arrow.
The arrow closely misses you.
The searing ray hits the centaur.
The centaur is almost dead.
The centaur shoots an arrow.
The arrow hits you!
You die...

#.# ##'## #......# #.#
#.# ######.# #.#######
#.# #.# #(......#
##.######### #.#
#######.#
##..........# #.#
#.###.....#####.# #.#
#.......c.....#.# #.#
#######.#.###.#.####.#
#(#@# #........# #.#.#
###.###### #.#.#####.#
#.#.......#
#######.#########
#######......c#####
#.......#####.....#
#.####..# #.....###
#.# #..# ###........


You could see a centaur.

Vanquished Creatures
  Sigmund (D:3)
  An ogre (D:4)
  A phantom (D:4)
  A giant frog (D:5)
  A water moccasin zombie (D:5)
  A howler monkey (D:4)
  2 crimson imps (D:5)
  2 hounds (D:4)
  A centaur skeleton (D:4)
  An orc wizard (D:3)
  Terence (D:2)
  3 worker ants
  A gnoll (D:4)
  2 adders
  A shadow imp (D:5)
  An ooze (D:4)
  4 worms
  2 dart slugs
  3 giant geckos
  23 orcs
  A ball python (D:2)
  13 bats
  9 giant cockroaches
  3 goblins (D:2)
  5 hobgoblins
  13 jackals
  13 kobolds
  A quokka (D:4)
  6 giant newts
  2 quokka skeletons (D:4)
  9 rats
128 creatures vanquished.

Notes
Turn   | Place    | Note
--------------------------------------------------------------
     0 | D:1      | KrisztiCat the Deep Elf Conjurer began the quest for the Orb.
     0 | D:1      | Reached XP level 1. HP: 10/10 MP: 6/6
   183 | D:1      | Reached XP level 2. HP: 15/15 MP: 5/8
   564 | D:1      | Reached skill level 5 in Conjurations
   861 | D:1      | Reached XP level 3. HP: 19/19 MP: 7/9
  1008 | D:2      | Learned a level 2 spell: Searing Ray
  1921 | D:3      | Noticed Terence
  1953 | D:2      | Killed Terence
  1953 | D:2      | Reached skill level 6 in Conjurations
  1953 | D:2      | Reached XP level 4. HP: 4/24 MP: 1/11
  2318 | D:3      | Found a white marble altar of Elyvilon.
  2591 | D:3      | Reached XP level 5. HP: 28/28 MP: 5/12
  2744 | D:3      | Noticed Sigmund
  2752 | D:3      | Killed Sigmund
  2752 | D:3      | Reached skill level 7 in Conjurations
  2752 | D:3      | Reached XP level 6. HP: 33/33 MP: 2/13
  3170 | D:3      | Learned a level 5 spell: Iskenderun's Battlesphere
  3175 | D:3      | Learned a level 4 spell: Iskenderun's Mystic Blast
  3462 | D:4      | Found a staircase to the Ecumenical Temple.
  3471 | Temple   | Entered the Ecumenical Temple
  3526 | Temple   | Became a worshipper of Vehumet
  3683 | D:4      | Reached skill level 8 in Conjurations
  4244 | D:4      | Found a shadowy altar of Dithmenos.
  4498 | D:4      | Reached skill level 9 in Conjurations
  4498 | D:4      | Reached XP level 7. HP: 27/37 MP: 10/14
  4708 | D:5      | Entered Level 5 of the Dungeon
  4794 | D:4      | Found a blossoming altar of Fedhas.
  4983 | D:4      | Reached * piety under Vehumet
  4983 | D:4      | Offered knowledge of Sandblast by Vehumet.
  5864 | D:5      | Reached skill level 10 in Conjurations
  6055 | D:5      | Learned a level 1 spell: Flame Tongue
  6144 | D:5      | Shot with an arrow by a centaur

Skill      XL: |  1  2  3  4  5  6  7 |
---------------+----------------------+-----
Conjurations   | 5 6 7 9 10 | 10.5
Fighting       | |  0.4
Dodging        | |  2.8
Stealth        | |  2.6
Spellcasting   | |  3.5

Action                   |  1- 3 |  4- 6 |  7- 9 || total
-------------------------+-------+-------+-------++-------
Melee: Whip              |     1 |       |       ||     1
 Cast: Magic Dart        |    91 |    65 |    42 ||   198
       Searing Ray       |     5 |    24 |    19 ||    48
       Iskenderun's Myst |       |     9 |       ||     9
  Use: Scroll            |       |     4 |     4 ||     8
  Eat: Pizza             |     1 |       |       ||     1
       Chunk             |     1 |    10 |     3 ||    14
       Meat ration       |       |       |     1 ||     1
Armor: Robe              |     2 |     2 |     2 ||     6
Dodge: Dodged            |     5 |    15 |    17 ||    37
